 Dungeon Crawl Stone Soup version 0.31.0-32-g396128a36d (webtiles) character file.

Game seed: 8530205898980288072

748 Curundu the Chopper (level 7, -7/91 HPs)
             Began as a Minotaur Berserker on Mar 28, 2024.
             Was a Priest of Trog.
             Killed from afar by an electric eel (12 damage)
             ... with a bolt of electricity
             ... on level 6 of the Dungeon.
             The game lasted 00:16:04 (4723 turns).

Curundu the Chopper (Minotaur Berserker)            Turns: 4723, Time: 00:16:06

Health: -7/91      AC: 20    Str: 26    XL:     7   Next: 48%
Magic:  6/6        EV: 13    Int:  0    God:    Trog [***...]
Gold:   361        SH:  7    Dex:  9    Spells: 6/6 levels left

rFire   . . .        a - +0 hand axe
rCold   . . .        n - +0 kite shield
rNeg    . . .        t - +8 chain mail of the Fife {rCorr Str+2 Int-4}
rPois   .            (helmet restricted)
rElec   .            l - +0 cloak
rCorr   +            (no gloves)
SInv    .            g - +0 pair of boots
Will    .....        (no amulet) Stlth
                     d - +5 ring of evasion
HPRegen 0.35/turn    (no ring)
MPRegen 0.10/turn

%: no passive effects
@: berserking, slowed, lost intelligence, unable to read, very slow
A: horns 2, retaliatory headbutt
a: Renounce Religion, Berserk, Trog's Hand


You were on level 6 of the Dungeon.
You worshipped Trog.
Trog was most pleased with you.
You visited 1 branch of the dungeon, and saw 6 of its levels.

You collected 361 gold pieces.

Inventory:

Hand Weapons
 a - a +0 hand axe (weapon)
 F - a +0 war axe
Missiles
 c - 8 boomerangs (quivered)
 u - 4 silver javelins
Armour
 g - a +0 pair of boots (worn)
 j - a +0 chain mail
 l - a +0 cloak (worn)
 n - a +0 kite shield (worn)
 t - the +8 chain mail of the Fife (worn) {rCorr Str+2 Int-4}
   (You found it on level 3 of the Dungeon)

   Str+2:     It affects your strength (+2).
   Int-4:     It affects your intelligence (-4).
   rCorr:     It protects you from acid and corrosion.
Jewellery
 d - a +5 ring of evasion (left hand)
 x - a ring of willpower
Wands
 s - a wand of polymorph (6)
 v - a wand of charming (6)
 B - a wand of mindburst (7)
Scrolls
 f - 2 scrolls of fog {unknown}
 i - 2 scrolls of noise {unknown}
 k - 5 scrolls of teleportation {unknown}
 m - 2 scrolls of vulnerability {unknown}
 o - 2 scrolls of silence {unknown}
 p - 3 scrolls of identify {unknown}
 w - a scroll of poison {unknown}
 y - a scroll of enchant weapon {unknown}
 C - a scroll of fear {unknown}
 D - a scroll of amnesia {unknown}
Potions
 b - 3 potions of might {unknown}
 e - 2 potions of resistance {unknown}
 h - 3 potions of brilliance {unknown}
 q - 2 potions of curing {unknown}
 r - a potion of berserk rage {unknown}
 z - 2 potions of lignification {unknown}
 A - a potion of heal wounds {unknown}
 E - a potion of ambrosia {unknown}


   Skills:
 + Level 5.1 Fighting
 + Level 6.6 Axes
 * Level 6.1 Armour
 - Level 2.4 Dodging
 * Level 2.4 Stealth
 + Level 2.7 Shields


You had 6 spell levels left.
You didn't know any spells.
Your spell library was empty.

Dungeon Overview and Level Annotations

Branches:
Dungeon (6/15)             Temple (0/1) D:5

Altars:
Vehumet
Wu Jian

Shops:
D:5 *


Innate Abilities, Weirdness & Mutations

You have a pair of horns on your head.
You reflexively headbutt those who attack you in melee.


Message History

The electric eel shoots out a bolt of lightning at you!
The bolt of electricity hits you!
The electric eel shoots out a bolt of lightning at you!
The bolt of electricity hits you.
You start resting.
HP restored.
Things that are here:
a +0 short sword; a +0 ring mail; a +0 club You enter the shallow water.
Moving in this stuff is going to be slow.
An electric eel is nearby!
The electric eel shoots out a bolt of lightning at you!
The bolt of electricity hits you.
The electric eel shoots out a bolt of lightning at you!
The bolt of electricity hits you!
The electric eel shoots out a bolt of lightning at you!
The bolt of electricity hits the plant!
The plant begins to die.
The bolt of electricity hits you!
The electric eel shoots out a bolt of lightning at you!
The bolt of electricity hits the plant!
The bolt of electricity hits you!
The electric eel shoots out a bolt of lightning at you!
The bolt of electricity hits the plant.
The bolt of electricity hits you.
The electric eel shoots out a bolt of lightning at you!
The bolt of electricity hits you!
The electric eel shoots out a bolt of lightning at you!
The bolt of electricity hits you!
* * * LOW HITPOINT WARNING * * *
The electric eel shoots out a bolt of lightning at you!
The bolt of electricity hits you.
* * * LOW HITPOINT WARNING * * *
You barely miss the electric eel. Your headbutt misses the electric eel.
Unknown command.
A red film seems to cover your vision as you go berserk!
You feel yourself moving faster!
You feel mighty!
The electric eel shoots out a bolt of lightning at you!
The bolt of electricity hits you!
* * * LOW HITPOINT WARNING * * *
The electric eel shoots out a bolt of lightning at you!
The bolt of electricity hits you!
You die...

^..#.♣~~~P~♣~≈≈≈≈≈≈≈≈≈~~P~~♣~~~♣#
##.#.~~~♣~~~~≈≈≈≈≈≈≈≈≈≈≈~~~~P~~P♣
##...~~~P~~~≈≈≈≈≈≈≈≈≈≈≈≈~~~P~~~~♣
##.#♣~~~~~~~≈≈≈≈≈≈≈≈≈≈≈≈~~P~~~~♣♣
#..##~~♣~~~~~~≈≈≈≈≈≈≈≈≈≈~~~~~~~~#
.......♣~)~♣~~≈~≈≈≈≈≈≈~~~~~~P♣♣##
######.~~♣~~~~~♣≈≈~≈≈~~~~~~~~♣ #
#..♣[)♣~~~~S~♣P~~♣~♣)♣~## #
##..).♣.♣♣~~@♣~~~~♣♣♣♣)## #
##...##..##♣♣.♣♣♣♣♣♣#...# #
##.....#.#####.###.###.###
#.[....................#
####.....#)######.##.#####
#...<...##.# #.##.# #.####.###)#
#.##.# #.# ### #.#
#.##.############ #.# #.#
#.##.......[.....


You could see an electric eel.

Vanquished Creatures
  An ice beast (D:6)
  An orc warrior (D:6)
  An ogre (D:6)
  A scorpion (D:4)
  A jelly (D:6)
  2 orc priests
  2 orc wizards (D:6)
  Natasha (thrice) (D:3)
  3 gnolls (D:6)
  5 adders
  A shadow imp (D:6)
  A dart slug (D:4)
  8 ribbon worms
  17 orcs
  5 bats
  7 endoplasms
  A giant cockroach (D:2)
  3 hobgoblins
  3 jackals (D:3)
  6 kobolds
  5 quokkas
  6 ball pythons
  2 frilled lizards
  6 goblins
  7 rats
98 creatures vanquished.

Vanquished Creatures (others)
  An orc wizard (D:6)
1 creature vanquished.

Grand Total: 99 creatures vanquished

Notes
Turn   | Place    | Note
-------+----------+-------------------------------------------
     0 | D:1      | Curundu the Minotaur Berserker began the quest for the Orb.
     0 | D:1      | Reached XP level 1. HP: 19/19 MP: 0/0
   167 | D:1      | Reached XP level 2. HP: 27/27 MP: 1/1
   226 | D:1      | You fall into a shaft and drop 1 floor!
   622 | D:2      | Reached ** piety under Trog
   623 | D:2      | Reached XP level 3. HP: 32/33 MP: 2/2
  1163 | D:3      | Found a faded altar of an unknown god.
  1239 | D:3      | Noticed Natasha
  1246 | D:3      | Killed Natasha
  1247 | D:3      | Reached XP level 4. HP: 38/41 MP: 3/3
  1273 | D:3      | Noticed Natasha
  1282 | D:3      | Killed Natasha
  1391 | D:3      | Noticed Natasha
  1403 | D:3      | Killed Natasha
  1404 | D:3      | Reached skill level 5 in Axes
  1404 | D:3      | Reached skill level 1 in Stealth
  1568 | D:3      | Identified the +8 chain mail of the Fife {rCorr Str+2
                  | Int-4}
  1580 | D:3      | Lost intelligence.
  1599 | D:3      | Found an ornate altar of the Wu Jian Council.
  1865 | D:3      | Reached XP level 5. HP: 47/47 MP: 4/4
  2074 | D:4      | Found a radiant altar of Vehumet.
  2647 | D:4      | Reached skill level 1 in Shields
  2960 | D:5      | Entered Level 5 of the Dungeon
  3071 | D:5      | Found Jet Akh's Assorted Antiques.
  3084 | D:5      | Identified the +1 leather armour "Cuacib" {^Contam rElec
                  | rF+ Regen+}
  3099 | D:5      | Reached *** piety under Trog
  3160 | D:5      | Reached XP level 6. HP: 53/53 MP: 5/5
  3255 | D:5      | Found a staircase to the Ecumenical Temple.
  3555 | D:6      | Noticed an orc warrior
  3582 | D:6      | Killed an orc warrior
  3583 | D:6      | Reached skill level 5 in Armour
  4202 | D:6      | Noticed an ice beast
  4210 | D:6      | Killed an ice beast
  4211 | D:6      | Reached XP level 7. HP: 59/60 MP: 6/6
  4330 | D:6      | Reached skill level 5 in Fighting
  4723 | D:6      | Killed from afar by an electric eel

Illustrated notes

Levels and vault maps discovered:
D:1:      eino_arrival_druids_welcome, layout_rooms
D:2:      wander_river, layout_basic
D:3:      layout_basic, nzn_wu_jian_contemplation, nicolae_ecumenical_pavilion,
          chequers_serial_rivers_small_a, nicolae_wormholes, uniq_natasha
D:4:      layout_cave_pods, mainiacjoe_overflow_concentric_impassable,
          chequers_big_river, hangedman_abyss_or_decor_passed,
          hangedman_decor_push, kennysheep_cross_room, grunt_ministairs_9
D:5:      layout_rooms, minmay_temple_entry_proselytizer, serial_shops, shop,
          saegor_snake_ambush
D:6:      layout_loops_ring, nicolae_sif_muna_little_library, minivault_23,
          serial_bayou_lake_a

Skill      XL: |  1  2  3  4  5  6  7 |
---------------+----------------------+-----
Fighting       | 4 5 |  5.1
Axes           | 4 5 6 |  6.6
Armour         | 3 4 5 6 |  6.1
Stealth        | 1 2 |  2.4
Shields        | 1 2 |  2.7
Dodging        | |  2.4

Action                     |  1- 3 |  4- 6 |  7- 9 || total
---------------------------+-------+-------+-------++-------
  Melee: Hand axe          |    76 |   114 |    31 ||   221
         Headbutt          |    11 |    19 |     7 ||    37
 Invoke: Trog's Hand       |     1 |     4 |     1 ||     6
         Berserk           |       |     1 |     1 ||     2
 Armour: Animal skin       |    26 |       |       ||    26
         Chain mail        |    17 |    72 |    29 ||   118
  Dodge: Dodged            |    43 |    83 |    18 ||   144
  Block: Kite shield       |     9 |    69 |     9 ||    87
